 Dungeon Sprint DCSS version 0.31-a0-844-gdc52ec4e09 (webtiles) character file.

Game seed: 2630461902438057493

403 sircluck the Grappler (level 6, -16/71 HPs)
             Began as a Troll Berserker on Sept 29, 2023.
             Was a High Priest of Trog.
             Demolished by a komodo dragon (29 damage)
             ... in the Dungeon (Sprint VII: "The Pits").
             The game lasted 00:00:47 (407 turns).

sircluck the Grappler (Troll Berserker)              Turns: 407, Time: 00:00:48

Health: -16/71     AC:  4    Str: 28    XL:     6   Next: 55%
Magic:  5/5        EV: 11    Int:  3    God:    Trog [*****.]
Gold:   0          SH:  0    Dex:  9    Spells: 5/5 levels left

rFire   . .          .
                       - Unarmed
rCold   . . .        (no shield)
rNeg    . . .        a - +0 animal skin
rPois   .            (helmet restricted)
rElec   .            (no cloak)
rCorr   .            (gloves unavailable)
SInv    .            (boots unavailable)
Will    .....        (no amulet)
Stlth   +            (no ring)
HPRegen 1.11/turn    (no ring)
MPRegen 0.09/turn

%: no teleportation
@: no status effects
A: large, unfitting armour, claws 3, regeneration 1, shaggy fur 1, tough skin 1
a: Renounce Religion, Berserk, Trog's Hand, Brothers in Arms


You were in the Dungeon.
You worshipped Trog.
Trog was extremely pleased with you.
You visited 1 branch

Inventory:

Armour
 a - a +0 animal skin (worn)
Scrolls
 g - a scroll of blinking
 i - 2 scrolls of vulnerability
 j - a scroll of summoning
Potions
 b - 6 potions of curing
 c - 6 potions of heal wounds
 d - a potion of haste
 e - 4 potions of magic
 f - 3 potions of berserk rage
 h - 2 potions of invisibility


   Skills:
 + Level 7.4 Fighting
 + Level 7.3 Dodging
 + Level 8.7 Unarmed Combat


You had 5 spell levels left.
You didn't know any spells.
Your spell library was empty.

Dungeon Overview and Level Annotations

Branches:
Dungeon (1/1)

Altars:
Ashenzari
Cheibriados
Dithmenos
Elyvilon
Fedhas
Gozag
Hepliaklqana
Kikubaaqudgha
Makhleb
Nemelex Xobeh
Okawaru
Qazlal
Ru
Sif Muna
Trog
Uskayaw
Vehumet
Wu Jian
Xom
Yredelemnul
Zin
The Shining One
Jiyva
Lugonu


Innate Abilities, Weirdness & Mutations

You are too large for most types of armour.
You have claws for hands.
Your natural rate of healing is unusually fast.
You are covered in fur. (AC +1)
You have tough skin. (AC +1)


Message History

You barely miss the ice beast. The ice beast closely misses you.
You claw the ice beast! Your claw misses the ice beast.
The ice beast is heavily wounded.
The ice beast hits you but does no damage.
You claw the ice beast!
The ice beast is almost dead.
The ice beast hits you but does no damage.
You closely miss the ice beast.
The ice beast is almost dead.
The ice beast hits you. The ice beast freezes you!
You closely miss the ice beast.
The ice beast is almost dead.
The ice beast hits you but does no damage.
You barely miss the ice beast.
The ice beast is almost dead.
You closely miss the ice beast.
The ice beast is almost dead.
The ice beast hits you but does no damage.
You claw the ice beast!
You kill the ice beast!
Trog accepts your kill. Trog grants you a weapon!
Something appears at your feet!
You see here a +4 heavy glaive.
Your Fighting skill increases to level 7!
Your Dodging skill increases to level 7!
Unknown command.
You open the door.
A komodo dragon comes into view.
The komodo dragon hisses angrily.
The komodo dragon bites you!!
There is an open door, spattered with blood here.
You mangle the komodo dragon!!
The komodo dragon is heavily wounded.
The komodo dragon bites you!!
* * * LOW HITPOINT WARNING * * *
You are too injured to fight recklessly!
You closely miss the komodo dragon.
The komodo dragon is heavily wounded.
The komodo dragon bites you!!
You die...

#.#...)))[.##.......#
#.#...)))[.##.......#
#'###########.......#
#.......# #########
#.......# #...#...#
#..###†.#+#
#...#...#l+
#.......#@#
#.......).#
###########


You could see a komodo dragon.

Vanquished Creatures
  A water moccasin (D)
  An ice beast (D)
  A wolf (D)
  A scorpion (D)
  2 gnolls (D)
  A white imp (D)
  An ufetubus (D)
  A worm (D)
  An orc (D)
  A ball python (D)
  An endoplasm (D)
  A goblin (D)
  3 jackals (D)
  A kobold (D)
  A quokka (D)
  A rat (D)
19 creatures vanquished.

Notes
Turn   | Place    | Note
-------+----------+-------------------------------------------
     0 | D        | sircluck the Troll Berserker began the quest for the Orb.
     0 | D        | Reached XP level 1. HP: 22/22 MP: 0/0
    20 | D        | Found a bloodstained altar of Trog.
    20 | D        | Found a shimmering blue altar of Sif Muna.
    20 | D        | Found a viscous altar of Jiyva.
    20 | D        | Found a hazy altar of Hepliaklqana.
    20 | D        | Found an opulent altar of Gozag.
    21 | D        | Found a glowing golden altar of the Shining One.
    21 | D        | Found a glowing silver altar of Zin.
    21 | D        | Found a basalt altar of Yredelemnul.
    21 | D        | Found a shimmering altar of Xom.
    21 | D        | Found an ornate altar of the Wu Jian Council.
    21 | D        | Found a sacrificial altar of Ru.
    21 | D        | Found a stormy altar of Qazlal.
    21 | D        | Found an iron altar of Okawaru.
    21 | D        | Found a sparkling altar of Nemelex Xobeh.
    21 | D        | Found a burning altar of Makhleb.
    21 | D        | Found a blossoming altar of Fedhas.
    21 | D        | Found a white marble altar of Elyvilon.
    21 | D        | Found a shadowy altar of Dithmenos.
    21 | D        | Found a snail-covered altar of Cheibriados.
    24 | D        | Found a corrupted altar of Lugonu.
    24 | D        | Found a radiant altar of Vehumet.
    25 | D        | Found an ancient bone altar of Kikubaaqudgha.
    25 | D        | Found a hide-covered altar of Uskayaw.
    25 | D        | Found a broken altar of Ashenzari.
    84 | D        | Reached ** piety under Trog
    87 | D        | Reached XP level 2. HP: 21/31 MP: 1/1
   106 | D        | Reached skill level 4 in Unarmed Combat
   110 | D        | Reached *** piety under Trog
   159 | D        | Reached **** piety under Trog
   160 | D        | Reached XP level 3. HP: 37/39 MP: 2/2
   184 | D        | Noticed a scorpion
   191 | D        | Killed a scorpion
   192 | D        | Reached skill level 5 in Unarmed Combat
   192 | D        | Reached XP level 4. HP: 49/49 MP: 3/3
   197 | D        | Noticed a wolf
   208 | D        | Reached skill level 5 in Fighting
   212 | D        | Reached ***** piety under Trog
   213 | D        | Reached skill level 5 in Dodging
   213 | D        | Reached skill level 6 in Unarmed Combat
   293 | D        | Killed a wolf
   294 | D        | Reached skill level 7 in Unarmed Combat
   294 | D        | Reached XP level 5. HP: 11/59 MP: 4/4
   345 | D        | Noticed a water moccasin
   353 | D        | Killed a water moccasin
   354 | D        | Reached skill level 8 in Unarmed Combat
   354 | D        | Reached XP level 6. HP: 64/68 MP: 5/5
   364 | D        | Noticed an ice beast
   376 | D        | Killed an ice beast
   376 | D        | Received a gift from Trog
   404 | D        | Noticed a komodo dragon
   407 | D        | Demolished by a komodo dragon

Illustrated notes

Levels and vault maps discovered:
D:        pitsprint [storerooms_1, entrance_room_1, metal_vault_2, armoury_3,
          mini_pit_1, grid_room_1, main_hall_1, silver_pit, the_coven_1,
          the_vestibule_1, steel_vault_4, golden_pit, hallway_of_sentries,
          crystal_vault_4, iron_vault_1, final_vault]

Skill      XL: |  1  2  3  4  5  6 |
---------------+-------------------+-----
Fighting       | 3 4 6 7 |  7.4
Dodging        | 3 4 6 7 |  7.3
Unarmed Combat | 4 5 7 8 |  8.7

Action                     |  1- 3 |  4- 6 || total
---------------------------+-------+-------++-------
  Melee: Unarmed           |    46 |    33 ||    79
         Punch             |     1 |     2 ||     3
 Armour: Animal skin       |    35 |    21 ||    56
  Dodge: Dodged            |    19 |    12 ||    31

Table legend: (Time is in decaauts)
 A = Elapsed time spent in this place.
 B = Non-inter-level travel time spent in this place.
 C = Inter-level travel time spent in this place.
 D = Time resting spent in this place.
 E = Time spent auto-exploring this place.
 F = Levels seen in this place.
 G = Mean time per level.
                   A        B        C        D        E       F      G
               +--------+--------+--------+--------+--------+-----+--------+
         Total |    399 |    399 |      0 |     98 |    148 |   1 |  399.0 |
       Dungeon |    399 |    399 |      0 |     98 |    148 |   1 |  399.0 |
               +--------+--------+--------+--------+--------+-----+--------+

Top non-repeatable levels by time:
       D: 399 daAuts
